Sasquatch vs Punishers
(R1)
Created - 12 octobre 2014 at 00:11
Goals
|
| Sasquatch |
0 |
3 |
3 |
6 |
| Punishers |
0 |
0 |
2 |
2 |
|
Shots
|
| Sasquatch |
12 |
10 |
10 |
32 |
| Punishers |
7 |
5 |
8 |
20 |
|
1st period
No Goal
Penalties :
Mike Grier (Pro) for High sticking (Minor) at 15:11
2nd period
1. Sasquatch , T.J. Oshie 2 (Oskar Osala, Jake Gardiner) at 1:49
2. Sasquatch , Derek Stepan 4 (Keith Yandle, Jakub Voracek) at 2:01
3. Sasquatch , Luke Adam 1 (Matt Beleskey, Brandon Bochenski) at 13:56
Penalties :
Tom Gilbert (Pro) for Interference (Minor) at 2:23, Kyle Clifford (Gat) for Interference (Minor) at 7:08, Tanner Glass (Pro) for Holding (Minor) at 10:26, Matt Donovan (Gat) for Hooking (Minor) at 17:47
3rd period
4. Sasquatch , Matt Beleskey 1 (Jakub Voracek, D.J King) at 9:54
5. Punishers , Keaton Ellerby 2 (Tom Gilbert, Éric Perrin) at 10:06
6. Sasquatch , Jake Gardiner 2 (Derek Stepan, D.J King) at 10:22
7. Sasquatch , Jake Gardiner 3 (Stephane Da Costa, Cam Atkinson) at 11:13
8. Punishers , Adam Pineault 2 (Tom Gilbert, Tanner Glass) at 14:16
Penalties :
Adam Pineault (Pro) for Slashing (Minor) at 2:37, Mike Blunden (Pro) for Hooking (Minor) at 15:10
Goalie Stats
Jonas Gustavsson (Gat), 18 saves from 20 shots - (0,900), W, 2-1-2, 60:00 minutes
Robin Lehner (Pro), 26 saves from 32 shots - (0,813), L, 3-2-0, 60:00 minutes
Players Stats for Sasquatch
Player Name G A P +/- PIM S H SB GA TA FO MP PP MP PK MP
------------------------------------------------------------------------------------
Brandon Bochenski 0 1 1 2 0 2 2 0 1 0 0/0 10:47 0:20 1:03
Cam Atkinson 0 1 1 0 0 1 1 0 2 3 0/0 13:15 0:17 0:54
D.J King 0 2 2 1 0 0 1 0 0 0 1/2 20:42 5:10 1:58
Derek Stepan 1 1 2 1 0 1 2 0 1 0 18/30 18:44 5:10 0:00
Jake Gardiner 2 1 3 3 0 2 3 4 3 2 0/0 27:48 5:22 2:27
Jakub Voracek 0 2 2 1 0 5 1 0 1 0 0/0 18:48 5:10 0:00
Keith Yandle 0 1 1 3 0 1 0 0 3 2 0/0 23:30 4:33 1:31
Kyle Clifford 0 0 0 0 2 2 4 0 0 0 0/2 12:04 0:00 0:31
Luke Adam 1 0 1 2 0 2 0 1 0 0 2/3 8:58 0:00 0:00
Matt Beleskey 1 1 2 2 0 2 2 1 0 0 0/0 9:45 0:00 0:26
Matt Donovan 0 0 0 0 2 1 1 0 0 0 0/0 10:59 0:00 0:00
Matt Niskanen 0 0 0 1 0 3 1 0 0 0 0/0 22:11 4:26 1:31
Nick Leddy 0 0 0 1 0 1 0 0 0 0 0/0 21:29 5:03 0:00
Oskar Osala 0 1 1 1 0 3 1 0 1 0 0/0 16:59 4:25 1:03
Stephane Da Costa 0 1 1 0 0 2 2 0 2 0 2/3 12:12 0:20 0:10
T.J. Oshie 1 0 1 1 0 4 2 0 1 0 0/0 15:56 4:25 0:00
Tyler Johnson 0 0 0 1 0 0 0 0 0 0 9/10 17:50 4:28 1:51
Yann Sauvé 0 0 0 0 0 0 0 0 0 0 0/0 14:03 0:26 2:27
Players Stats for Punishers
Player Name G A P +/- PIM S H SB GA TA FO MP PP MP PK MP
------------------------------------------------------------------------------------
Adam McQuaid 0 0 0 0 0 1 0 0 0 1 0/0 11:36 0:00 0:54
Adam Pineault 1 0 1 -1 2 4 1 0 0 1 1/1 16:43 1:48 0:00
Brad Isbister 0 0 0 -1 0 3 0 1 0 0 0/2 20:33 2:10 5:22
Brandon McMillan 0 0 0 -1 0 0 2 0 0 0 1/7 16:31 1:45 0:00
Casey Cizikas 0 0 0 -1 0 0 3 0 0 2 1/4 14:25 0:00 0:47
Éric Perrin 0 1 1 -2 0 3 5 0 0 2 13/31 23:56 2:02 5:16
Erik Condra 0 0 0 -1 0 2 1 1 0 0 0/1 13:06 0:11 0:00
Justin Falk 0 0 0 -1 0 0 0 2 1 1 0/0 18:11 2:17 3:54
Keaton Ellerby 1 0 1 0 0 2 0 3 1 2 0/0 25:01 1:41 6:01
Kris Chucko 0 0 0 -1 0 1 0 0 2 1 0/0 16:03 0:00 4:04
Mark Fraser 0 0 0 -1 0 1 2 2 0 1 0/0 18:11 2:17 3:54
Mike Blunden 0 0 0 -1 2 1 0 0 0 0 0/0 6:22 0:08 0:00
Mike Grier 0 0 0 -1 2 0 1 0 1 0 1/2 14:52 2:02 0:00
Mike Weber 0 0 0 0 0 0 1 0 0 1 0/0 10:41 0:00 0:00
Radek Smolenak 0 0 0 -1 0 0 0 0 0 0 0/0 8:37 0:00 2:08
Simon Despres 0 0 0 -3 0 0 0 0 0 0 0/0 6:07 0:00 0:00
Tanner Glass 0 1 1 -1 2 1 1 0 1 1 1/2 18:45 1:48 2:11
Tom Gilbert 0 2 2 0 2 1 0 2 1 2 0/0 23:49 1:41 4:50
Zach Jones 0 0 0 -3 0 0 1 0 0 0 0/0 6:31 0:00 0:19
3 Stars
1 - Jake Gardiner (Gat)
2 - Matt Beleskey (Gat)
3 - Derek Stepan (Gat)
Power Play
Sasquatch - 0 on 5 Attempt(s) - 0,00%
Punishers - 0 on 2 Attempt(s) - 0,00%
Penalty Kill
Sasquatch - 2 on 2 Attempt(s) - 100,00%
- Score 0 goal in Penalty Kill
Punishers - 5 on 5 Attempt(s) - 100,00%
- Score 0 goal in Penalty Kill
Official
Referees : Banfield David and StPierre Justin
Linesman : Mike Cvik and Brian Mach
Game Notes
2:01 of 2nd period - Sasquatch goal is going for a video replay. After video review, Goal.
Finance
Level 1 -- Attendance: 1341 (67,05%) -- Ticket Income 46 935 $
Level 2 -- Attendance: 775 (77,50%) -- Ticket Income 11 625 $
Total Attendance: 2116 (70,53%)
Total Ticket Income: 58 560 $
Other Income: 2 928 $
Total Income: 61 488 $
Sasquatch
5 vs 5 Forward
Center Left Wing Right Wing Time % Phy DF OF
1 Derek Stepan D.J King Jakub Voracek 40 1 2 2
2 Tyler Johnson Oskar Osala T.J. Oshie 30 1 2 2
3 Stephane Da Costa Kyle Clifford Cam Atkinson 20 1 2 2
4 Luke Adam Matt Beleskey Brandon Bochenski 10 1 2 2
5 vs 5 Defense
Defense Defense Time % Phy DF OF
1 Keith Yandle Jake Gardiner 40 1 2 2
2 Nick Leddy Matt Niskanen 30 1 2 2
3 Matt Donovan Yann Sauvé 20 1 2 2
4 Jake Gardiner Matt Niskanen 10 1 2 2
PowerPlay Forward
Center Left Wing Right Wing Time % Phy DF OF
1 Derek Stepan D.J King Jakub Voracek 60 1 2 2
2 Tyler Johnson Oskar Osala T.J. Oshie 40 1 2 2
PowerPlay Defense
Defense Defense Time % Phy DF OF
1 Jake Gardiner Nick Leddy 60 1 2 2
2 Keith Yandle Matt Niskanen 40 1 2 2
Penalty Kill 4 Players Forward
Center Wing Time % Phy DF OF
1 Tyler Johnson D.J King 60 1 2 2
2 Brandon Bochenski Oskar Osala 40 1 2 2
Penalty Kill 4 Players Defense
Defense Defense Time % Phy DF OF
1 Jake Gardiner Yann Sauvé 60 1 2 2
2 Keith Yandle Matt Niskanen 40 1 2 2
Penalty Kill - 3 Players Forward
Forward Time % Phy DF OF
1 Tyler Johnson 60 1 2 2
2 Brandon Bochenski 40 1 2 2
Penalty Kill - 3 Players Defense
Defense Defense Time % Phy DF OF
1 Jake Gardiner Yann Sauvé 60 1 2 2
2 Keith Yandle Matt Donovan 40 1 2 2
4 vs 4 Forward
Center Wing Time % Phy DF OF
1 Derek Stepan Jakub Voracek 60 1 2 2
2 Tyler Johnson T.J. Oshie 40 1 2 2
4 vs 4 Defense
Defense Defense Time % Phy DF OF
1 Jake Gardiner Matt Donovan 60 1 2 2
2 Keith Yandle Matt Niskanen 40 1 2 2
Last Minutes Offensive
Center Left Wing Right Wing Defense Defense
Derek Stepan D.J King Jakub Voracek Jake Gardiner Matt Niskanen
Last Minutes Defensive
Center Left Wing Right Wing Defense Defense
Tyler Johnson D.J King Brandon Bochenski Jake Gardiner Keith Yandle
Goaltenders
Starting : Jonas Gustavsson
Backup : Anders Lindback
Extra Forwards
Normal : Brandon Bochenski, Stephane Da Costa, Cam Atkinson - PP : Brandon Bochenski, Stephane Da Costa - PK : Cam Atkinson
Extra Defensemen
Normal : Yann Sauvé, Jake Gardiner, Matt Donovan - PP : Yann Sauvé - PK : Matt Niskanen, Matt Donovan
Penalty Shots
Cam Atkinson, Oskar Osala, T.J. Oshie, Brandon Bochenski, Jakub Voracek
Punishers
5 vs 5 Forward
Center Left Wing Right Wing Time % Phy DF OF
1 Éric Perrin Brad Isbister Mike Grier 40 1 2 2
2 Brandon McMillan Tanner Glass Adam Pineault 30 1 2 2
3 Casey Cizikas Kris Chucko Erik Condra 20 1 2 2
4 Éric Perrin Radek Smolenak Mike Blunden 10 1 2 2
5 vs 5 Defense
Defense Defense Time % Phy DF OF
1 Tom Gilbert Keaton Ellerby 40 1 2 2
2 Mark Fraser Justin Falk 30 1 2 2
3 Mike Weber Adam McQuaid 20 1 2 2
4 Zach Jones Simon Despres 10 1 2 2
PowerPlay Forward
Center Left Wing Right Wing Time % Phy DF OF
1 Éric Perrin Brad Isbister Mike Grier 60 1 2 2
2 Brandon McMillan Tanner Glass Adam Pineault 40 1 2 2
PowerPlay Defense
Defense Defense Time % Phy DF OF
1 Tom Gilbert Keaton Ellerby 60 1 2 2
2 Mark Fraser Justin Falk 40 1 2 2
Penalty Kill 4 Players Forward
Center Wing Time % Phy DF OF
1 Éric Perrin Brad Isbister 60 1 2 2
2 Tanner Glass Kris Chucko 40 1 2 2
Penalty Kill 4 Players Defense
Defense Defense Time % Phy DF OF
1 Tom Gilbert Keaton Ellerby 60 1 2 2
2 Mark Fraser Justin Falk 40 1 2 2
Penalty Kill - 3 Players Forward
Forward Time % Phy DF OF
1 Éric Perrin 60 1 2 2
2 Brad Isbister 40 1 2 2
Penalty Kill - 3 Players Defense
Defense Defense Time % Phy DF OF
1 Tom Gilbert Keaton Ellerby 60 1 2 2
2 Mark Fraser Justin Falk 40 1 2 2
4 vs 4 Forward
Center Wing Time % Phy DF OF
1 Éric Perrin Brad Isbister 60 1 2 2
2 Tanner Glass Kris Chucko 40 1 2 2
4 vs 4 Defense
Defense Defense Time % Phy DF OF
1 Tom Gilbert Keaton Ellerby 60 1 2 2
2 Mark Fraser Justin Falk 40 1 2 2
Last Minutes Offensive
Center Left Wing Right Wing Defense Defense
Éric Perrin Brad Isbister Mike Grier Tom Gilbert Keaton Ellerby
Last Minutes Defensive
Center Left Wing Right Wing Defense Defense
Éric Perrin Brad Isbister Mike Grier Tom Gilbert Keaton Ellerby
Goaltenders
Starting : Robin Lehner
Backup : Kevin Poulin
Extra Forwards
Normal : Erik Condra, Mike Blunden, Radek Smolenak - PP : Erik Condra, Mike Blunden - PK : Radek Smolenak
Extra Defensemen
Normal : Mike Weber, Adam McQuaid, Zach Jones - PP : Mike Weber - PK : Adam McQuaid, Zach Jones
Penalty Shots
Éric Perrin, Brad Isbister, Tanner Glass, Kris Chucko, Mike Grier
% Time on Ice - Sasquatch
Lines # - Real PCT - Wanted PCT - Time Play
Normal Forward
1 - 31% - 40% - 14:26
2 - 25% - 30% - 11:31
3 - 24% - 20% - 11:12
4 - 19% - 10% - 8:58
Normal Defense
1 - 41% - 40% - 18:47
2 - 33% - 30% - 15:09
3 - 24% - 20% - 10:59
4 - 3% - 10% - 1:12
PP Forward
1 - 55% - 60% - 5:27
2 - 45% - 40% - 4:28
PP Defense
1 - 54% - 60% - 5:22
2 - 46% - 40% - 4:33
PK Forward
1 - 74% - 60% - 2:55
2 - 26% - 40% - 1:03
PK Defense
1 - 62% - 60% - 2:27
2 - 38% - 40% - 1:31
PK3 Forward
1 - 0% - 60%
2 - 0% - 40%
PK3 Defense
1 - 0% - 60%
2 - 0% - 40%
44 Forward
1 - 0% - 60%
2 - 0% - 40%
44 Defense
1 - 0% - 60%
2 - 0% - 40%
Last Minute Offensive - 0:00
Last Minute Defensive - 0:00
Total
Forward - 60:00
Defense - 60:00
|
% Time on Ice - Punishers
Lines # - Real PCT - Wanted PCT - Time Play
Normal Forward
1 - 29% - 40% - 13:16
2 - 32% - 30% - 14:47
3 - 26% - 20% - 11:59
4 - 13% - 10% - 6:05
Normal Defense
1 - 38% - 40% - 17:19
2 - 26% - 30% - 12:00
3 - 23% - 20% - 10:41
4 - 13% - 10% - 6:07
PP Forward
1 - 55% - 60% - 2:10
2 - 45% - 40% - 1:48
PP Defense
1 - 42% - 60% - 1:41
2 - 58% - 40% - 2:17
PK Forward
1 - 70% - 60% - 6:55
2 - 30% - 40% - 3:00
PK Defense
1 - 61% - 60% - 6:01
2 - 39% - 40% - 3:54
PK3 Forward
1 - 0% - 60%
2 - 0% - 40%
PK3 Defense
1 - 0% - 60%
2 - 0% - 40%
44 Forward
1 - 0% - 60%
2 - 0% - 40%
44 Defense
1 - 0% - 60%
2 - 0% - 40%
Last Minute Offensive - 0:00
Last Minute Defensive - 0:00
Total
Forward - 60:00
Defense - 60:00
|
Play by Play
1st period
0:01 of 1st period - Derek Stepan wins face-off versus Brad Isbister in neutral zone.
1:44 of 1st period - Slapshot by Matt Beleskey.
1:44 of 1st period - Stopped by Robin Lehner with a rebound.
2:04 of 1st period - Snap shot by Éric Perrin.
2:04 of 1st period - Stopped by Jonas Gustavsson with a rebound.
2:06 of 1st period - Wrist shot by Éric Perrin.
2:06 of 1st period - Stopped by Jonas Gustavsson with a rebound.
2:10 of 1st period - Snap shot by Mike Blunden.
2:10 of 1st period - Stopped by Jonas Gustavsson without a rebound.
2:11 of 1st period - Stephane Da Costa wins face-off versus Brandon McMillan in Sasquatch zone.
2:20 of 1st period - Slapshot by Tanner Glass.
2:20 of 1st period - Shot Misses the Net.
2:39 of 1st period - Erik Condra is hit by Jake Gardiner.
3:05 of 1st period - Wrist shot by Brad Isbister.
3:05 of 1st period - Stopped by Jonas Gustavsson without a rebound.
3:06 of 1st period - Tyler Johnson wins face-off versus Casey Cizikas in Sasquatch zone.
4:16 of 1st period - Off-side.
4:17 of 1st period - Tyler Johnson wins face-off versus Brandon McMillan in neutral zone.
4:30 of 1st period - Wrist shot by T.J. Oshie.
4:30 of 1st period - Shot Blocked by Justin Falk.
4:32 of 1st period - Wrist shot by T.J. Oshie.
4:32 of 1st period - Shot Blocked by Justin Falk.
4:42 of 1st period - D.J King is hit by Éric Perrin and loses puck.
5:01 of 1st period - Tom Gilbert is hit by Stephane Da Costa and loses puck.
6:16 of 1st period - Tanner Glass is hit by Matt Beleskey and loses puck.
6:41 of 1st period - Slapshot by Tanner Glass.
6:41 of 1st period - Stopped by Jonas Gustavsson without a rebound.
6:42 of 1st period - Éric Perrin wins face-off versus Kyle Clifford in Sasquatch zone.
6:55 of 1st period - Wrist shot by Éric Perrin.
6:55 of 1st period - Stopped by Jonas Gustavsson without a rebound.
6:56 of 1st period - Derek Stepan wins face-off versus Éric Perrin in Sasquatch zone.
6:56 of 1st period - Derek Stepan is hit by Éric Perrin.
7:06 of 1st period - Wrist shot by Jakub Voracek.
7:06 of 1st period - Shot Blocked by Tom Gilbert.
7:08 of 1st period - Slapshot by Derek Stepan.
7:08 of 1st period - Shot Blocked by Keaton Ellerby.
7:10 of 1st period - Slapshot by Jakub Voracek.
7:10 of 1st period - Stopped by Robin Lehner without a rebound.
7:11 of 1st period - Tyler Johnson wins face-off versus Éric Perrin in Punishers zone.
7:51 of 1st period - Slapshot by T.J. Oshie.
7:51 of 1st period - Shot Misses the Net.
7:53 of 1st period - Wrist shot by Oskar Osala.
7:53 of 1st period - Stopped by Robin Lehner with a rebound.
7:55 of 1st period - Slapshot by Nick Leddy.
7:55 of 1st period - Shot Blocked by Erik Condra.
8:01 of 1st period - Snap shot by T.J. Oshie.
8:01 of 1st period - Stopped by Robin Lehner with a rebound.
8:03 of 1st period - Wrist shot by Oskar Osala.
8:03 of 1st period - Stopped by Robin Lehner without a rebound.
8:04 of 1st period - Éric Perrin wins face-off versus Derek Stepan in Punishers zone.
8:04 of 1st period - Éric Perrin is hit by Derek Stepan.
8:30 of 1st period - Kyle Clifford is hit by Brandon McMillan and loses puck.
8:37 of 1st period - Wrist shot by Tanner Glass.
8:37 of 1st period - Deflect By Brandon McMillan.
8:37 of 1st period - Shot Misses the Net.
8:37 of 1st period - Puck is out of play.
8:38 of 1st period - Éric Perrin wins face-off versus Derek Stepan in Sasquatch zone.
9:05 of 1st period - Zach Jones is hit by Kyle Clifford and loses puck.
10:18 of 1st period - Wrist shot by Cam Atkinson.
10:18 of 1st period - Stopped by Robin Lehner with a rebound.
10:20 of 1st period - Snap shot by Kyle Clifford.
10:20 of 1st period - Stopped by Robin Lehner with a rebound.
10:22 of 1st period - Backhand shot by Matt Niskanen.
10:22 of 1st period - Stopped by Robin Lehner without a rebound.
10:23 of 1st period - Casey Cizikas wins face-off versus Kyle Clifford in Punishers zone.
11:17 of 1st period - Matt Niskanen is hit by Mike Weber.
11:59 of 1st period - Justin Falk is hit by Kyle Clifford and loses puck.
12:25 of 1st period - Snap shot by Stephane Da Costa.
12:25 of 1st period - Stopped by Robin Lehner without a rebound.
12:26 of 1st period - Derek Stepan wins face-off versus Éric Perrin in Punishers zone.
12:27 of 1st period - Wrist shot by Jakub Voracek.
12:27 of 1st period - Stopped by Robin Lehner without a rebound.
12:28 of 1st period - Éric Perrin wins face-off versus D.J King in Punishers zone.
12:35 of 1st period - Snap shot by Éric Perrin.
12:35 of 1st period - Shot Blocked by Jake Gardiner.
12:43 of 1st period - Slapshot by Brad Isbister.
12:43 of 1st period - Stopped by Jonas Gustavsson with a rebound.
12:53 of 1st period - Keaton Ellerby is hit by T.J. Oshie and loses puck.
13:21 of 1st period - Snap shot by Brandon Bochenski.
13:21 of 1st period - Stopped by Robin Lehner without a rebound.
13:22 of 1st period - Derek Stepan wins face-off versus Casey Cizikas in Punishers zone.
13:53 of 1st period - T.J. Oshie is hit by Éric Perrin and loses puck.
15:11 of 1st period - Minor Penalty to Mike Grier for High sticking.
15:12 of 1st period - Éric Perrin wins face-off versus Derek Stepan in Punishers zone.
15:49 of 1st period - Snap shot by T.J. Oshie.
15:49 of 1st period - Stopped by Robin Lehner with a rebound.
15:57 of 1st period - Wrist shot by Oskar Osala.
15:57 of 1st period - Shot Misses the Net.
16:39 of 1st period - Tyler Johnson is hit by Mark Fraser and loses puck.
17:08 of 1st period - Keaton Ellerby is hit by Brandon Bochenski and loses puck.
17:11 of 1st period - Penalty to Mike Grier is over, Mike Grier is back on ice.
17:17 of 1st period - Snap shot by Brad Isbister.
17:17 of 1st period - Shot Misses the Net.
17:27 of 1st period - Brad Isbister is hit by Stephane Da Costa and loses puck.
18:24 of 1st period - Tanner Glass is hit by Kyle Clifford and loses puck.
18:51 of 1st period - Kris Chucko is hit by Matt Niskanen.
19:09 of 1st period - Brandon McMillan is hit by T.J. Oshie and loses puck.
19:39 of 1st period - D.J King is hit by Casey Cizikas and loses puck.
Goals for this period are 0 for Sasquatch vs 0 for Punishers.
Shots for this period are 12 for Sasquatch vs 7 for Punishers.
2nd period
0:01 of 2nd period - Derek Stepan wins face-off versus Brad Isbister in neutral zone.
0:59 of 2nd period - Slapshot by Stephane Da Costa.
0:59 of 2nd period - Shot Blocked by Keaton Ellerby.
1:01 of 2nd period - Slapshot by Stephane Da Costa.
1:01 of 2nd period - Stopped by Robin Lehner without a rebound.
1:02 of 2nd period - Derek Stepan wins face-off versus Éric Perrin in Punishers zone.
1:17 of 2nd period - Derek Stepan is hit by Éric Perrin and loses puck.
1:35 of 2nd period - Wrist shot by Jakub Voracek.
1:35 of 2nd period - Stopped by Robin Lehner without a rebound.
1:36 of 2nd period - Tyler Johnson wins face-off versus Tanner Glass in Punishers zone.
1:39 of 2nd period - Wrist shot by T.J. Oshie.
1:39 of 2nd period - Deflect By Oskar Osala.
1:39 of 2nd period - Shot Misses the Net.
1:39 of 2nd period - Puck is out of play.
1:40 of 2nd period - Tyler Johnson wins face-off versus Brandon McMillan in Punishers zone.
1:43 of 2nd period - Wrist shot by T.J. Oshie.
1:43 of 2nd period - Stopped by Robin Lehner with a rebound.
1:49 of 2nd period - Wrist shot by T.J. Oshie.
1:49 of 2nd period - Goal by T.J. Oshie - Sasquatch : 1 - Punishers : 0.
1:50 of 2nd period - Derek Stepan wins face-off versus Éric Perrin in neutral zone.
1:57 of 2nd period - Snap shot by Derek Stepan.
1:57 of 2nd period - Deflect By Keaton Ellerby.
1:57 of 2nd period - Shot Misses the Net.
1:57 of 2nd period - Puck is out of play.
1:58 of 2nd period - Derek Stepan wins face-off versus Éric Perrin in Punishers zone.
1:59 of 2nd period - Wrist shot by Jakub Voracek.
1:59 of 2nd period - Shot Misses the Net.
2:01 of 2nd period - Slapshot by Keith Yandle.
2:01 of 2nd period - Deflect By Derek Stepan.
2:01 of 2nd period - Sasquatch goal is going for a video replay.
2:01 of 2nd period - The goal is good.
2:01 of 2nd period - Goal by Derek Stepan - Sasquatch : 2 - Punishers : 0.
2:02 of 2nd period - Derek Stepan wins face-off versus Éric Perrin in neutral zone.
2:17 of 2nd period - Wrist shot by Derek Stepan.
2:17 of 2nd period - Shot Misses the Net.
2:23 of 2nd period - Minor Penalty to Tom Gilbert for Interference.
2:24 of 2nd period - Derek Stepan wins face-off versus Éric Perrin in Punishers zone.
2:25 of 2nd period - Wrist shot by D.J King.
2:25 of 2nd period - Deflect By Derek Stepan.
2:25 of 2nd period - Shot Misses the Net.
2:25 of 2nd period - Puck is out of play.
2:26 of 2nd period - Derek Stepan wins face-off versus Éric Perrin in Punishers zone.
3:23 of 2nd period - Snap shot by Brad Isbister.
3:23 of 2nd period - Shot Misses the Net.
4:23 of 2nd period - Penalty to Tom Gilbert is over, Tom Gilbert is back on ice.
4:30 of 2nd period - Icing by Tom Gilbert.
4:31 of 2nd period - Stephane Da Costa wins face-off versus Brandon McMillan in Punishers zone.
5:46 of 2nd period - Snap shot by Adam Pineault.
5:46 of 2nd period - Shot Misses the Net.
5:48 of 2nd period - Snap shot by Brandon McMillan.
5:48 of 2nd period - Shot Misses the Net.
5:50 of 2nd period - Slapshot by Mark Fraser.
5:50 of 2nd period - Deflect By Matt Beleskey.
5:50 of 2nd period - Stopped by Jonas Gustavsson with a rebound.
5:52 of 2nd period - Wrist shot by Adam Pineault.
5:52 of 2nd period - Stopped by Jonas Gustavsson with a rebound.
5:54 of 2nd period - Slapshot by Justin Falk.
5:54 of 2nd period - Shot Blocked by Luke Adam.
6:04 of 2nd period - Keaton Ellerby is hit by Jake Gardiner and loses puck.
7:08 of 2nd period - Minor Penalty to Kyle Clifford for Interference.
7:09 of 2nd period - Tyler Johnson wins face-off versus Éric Perrin in Sasquatch zone.
7:20 of 2nd period - Snap shot by Mike Grier.
7:20 of 2nd period - Shot Blocked by Jake Gardiner.
8:12 of 2nd period - Snap shot by Cam Atkinson.
8:12 of 2nd period - Shot Misses the Net.
8:55 of 2nd period - Jake Gardiner is hit by Brandon McMillan and loses puck.
9:08 of 2nd period - Penalty to Kyle Clifford is over, Kyle Clifford is back on ice.
9:18 of 2nd period - Snap shot by Kris Chucko.
9:18 of 2nd period - Shot Blocked by Matt Beleskey.
9:20 of 2nd period - Snap shot by Kris Chucko.
9:20 of 2nd period - Stopped by Jonas Gustavsson with a rebound.
9:22 of 2nd period - Snap shot by Adam McQuaid.
9:22 of 2nd period - Stopped by Jonas Gustavsson with a rebound.
9:56 of 2nd period - Zach Jones is hit by Brandon Bochenski and loses puck.
10:10 of 2nd period - Icing by Tanner Glass.
10:11 of 2nd period - Derek Stepan wins face-off versus Brandon McMillan in Punishers zone.
10:26 of 2nd period - Minor Penalty to Tanner Glass for Holding.
10:27 of 2nd period - Derek Stepan wins face-off versus Éric Perrin in Punishers zone.
10:30 of 2nd period - Snap shot by Jakub Voracek.
10:30 of 2nd period - Stopped by Robin Lehner without a rebound.
10:31 of 2nd period - Derek Stepan wins face-off versus Éric Perrin in Punishers zone.
10:34 of 2nd period - Wrist shot by D.J King.
10:34 of 2nd period - Shot Blocked by Brad Isbister.
10:36 of 2nd period - Slapshot by Jake Gardiner.
10:36 of 2nd period - Deflect By Jakub Voracek.
10:36 of 2nd period - Stopped by Robin Lehner with a rebound.
12:26 of 2nd period - Penalty to Tanner Glass is over, Tanner Glass is back on ice.
12:30 of 2nd period - Slapshot by Adam Pineault.
12:30 of 2nd period - Stopped by Jonas Gustavsson with a rebound.
12:59 of 2nd period - Icing by Jake Gardiner.
13:00 of 2nd period - Brandon McMillan wins face-off versus Luke Adam in Sasquatch zone.
13:23 of 2nd period - Matt Beleskey is hit by Zach Jones and loses puck.
13:34 of 2nd period - Slapshot by Kris Chucko.
13:34 of 2nd period - Shot Misses the Net.
13:56 of 2nd period - Wrist shot by Matt Beleskey.
13:56 of 2nd period - Deflect By Luke Adam.
13:56 of 2nd period - Goal by Luke Adam - Sasquatch : 3 - Punishers : 0.
13:57 of 2nd period - Mike Grier wins face-off versus Derek Stepan in neutral zone.
16:09 of 2nd period - Snap shot by Kyle Clifford.
16:09 of 2nd period - Stopped by Robin Lehner with a rebound.
16:11 of 2nd period - Backhand shot by Nick Leddy.
16:11 of 2nd period - Stopped by Robin Lehner with a rebound.
17:13 of 2nd period - Snap shot by Erik Condra.
17:13 of 2nd period - Deflect By Kris Chucko.
17:13 of 2nd period - Shot Misses the Net.
17:13 of 2nd period - Puck is out of play.
17:14 of 2nd period - Tyler Johnson wins face-off versus Casey Cizikas in Sasquatch zone.
17:14 of 2nd period - Tyler Johnson is hit by Casey Cizikas.
17:24 of 2nd period - Slapshot by Tom Gilbert.
17:24 of 2nd period - Shot Misses the Net.
17:47 of 2nd period - Minor Penalty to Matt Donovan for Hooking.
17:48 of 2nd period - Tyler Johnson wins face-off versus Éric Perrin in Sasquatch zone.
19:47 of 2nd period - Penalty to Matt Donovan is over, Matt Donovan is back on ice.
Goals for this period are 3 for Sasquatch vs 0 for Punishers.
Shots for this period are 10 for Sasquatch vs 5 for Punishers.
3rd period
0:01 of 3rd period - Éric Perrin wins face-off versus Derek Stepan in neutral zone.
0:03 of 3rd period - Off-side.
0:04 of 3rd period - Derek Stepan wins face-off versus Éric Perrin in neutral zone.
0:17 of 3rd period - Slapshot by Tom Gilbert.
0:17 of 3rd period - Stopped by Jonas Gustavsson with a rebound.
0:19 of 3rd period - Slapshot by Tom Gilbert.
0:19 of 3rd period - Shot Misses the Net.
0:31 of 3rd period - Wrist shot by Adam Pineault.
0:31 of 3rd period - Stopped by Jonas Gustavsson with a rebound.
0:39 of 3rd period - Wrist shot by Tanner Glass.
0:39 of 3rd period - Shot Misses the Net.
1:23 of 3rd period - Slapshot by Mark Fraser.
1:23 of 3rd period - Deflect By Kris Chucko.
1:23 of 3rd period - Shot Misses the Net.
1:23 of 3rd period - Puck is out of play.
1:24 of 3rd period - Derek Stepan wins face-off versus Éric Perrin in Sasquatch zone.
1:24 of 3rd period - Derek Stepan is hit by Éric Perrin.
2:31 of 3rd period - Slapshot by Matt Niskanen.
2:31 of 3rd period - Stopped by Robin Lehner without a rebound.
2:32 of 3rd period - Luke Adam wins face-off versus Brandon McMillan in Punishers zone.
2:35 of 3rd period - Slapshot by Keith Yandle.
2:35 of 3rd period - Shot Misses the Net.
2:37 of 3rd period - Minor Penalty to Adam Pineault for Slashing.
2:38 of 3rd period - Éric Perrin wins face-off versus Derek Stepan in Punishers zone.
3:37 of 3rd period - Tom Gilbert is hit by D.J King and loses puck.
3:54 of 3rd period - Keith Yandle is hit by Tanner Glass.
4:37 of 3rd period - Penalty to Adam Pineault is over, Adam Pineault is back on ice.
4:54 of 3rd period - Matt Beleskey is hit by Mark Fraser and loses puck.
6:03 of 3rd period - Éric Perrin is hit by Kyle Clifford.
6:47 of 3rd period - Kris Chucko is hit by Derek Stepan and loses puck.
7:06 of 3rd period - Brandon McMillan is hit by Matt Donovan and loses puck.
7:37 of 3rd period - Jake Gardiner is hit by Casey Cizikas.
8:04 of 3rd period - Keaton Ellerby is hit by Cam Atkinson and loses puck.
8:21 of 3rd period - Slapshot by Brandon Bochenski.
8:21 of 3rd period - Stopped by Robin Lehner without a rebound.
8:22 of 3rd period - Luke Adam wins face-off versus Erik Condra in Punishers zone.
8:27 of 3rd period - Snap shot by Matt Beleskey.
8:27 of 3rd period - Shot Blocked by Tom Gilbert.
8:29 of 3rd period - Snap shot by Luke Adam.
8:29 of 3rd period - Stopped by Robin Lehner with a rebound.
8:31 of 3rd period - Slapshot by Matt Donovan.
8:31 of 3rd period - Stopped by Robin Lehner with a rebound.
9:52 of 3rd period - Slapshot by Jakub Voracek.
9:52 of 3rd period - Shot Misses the Net.
9:54 of 3rd period - Slapshot by Matt Beleskey.
9:54 of 3rd period - Goal by Matt Beleskey - Sasquatch : 4 - Punishers : 0.
9:55 of 3rd period - Éric Perrin wins face-off versus Derek Stepan in neutral zone.
9:58 of 3rd period - Snap shot by Keaton Ellerby.
9:58 of 3rd period - Stopped by Jonas Gustavsson with a rebound.
10:00 of 3rd period - Slapshot by Tom Gilbert.
10:00 of 3rd period - Shot Blocked by Jake Gardiner.
10:02 of 3rd period - Slapshot by Keaton Ellerby.
10:02 of 3rd period - Shot Hit the Post.
10:04 of 3rd period - Slapshot by Tom Gilbert.
10:04 of 3rd period - Shot Blocked by Jake Gardiner.
10:06 of 3rd period - Slapshot by Keaton Ellerby.
10:06 of 3rd period - Goal by Keaton Ellerby - Sasquatch : 4 - Punishers : 1.
10:07 of 3rd period - Éric Perrin wins face-off versus Derek Stepan in neutral zone.
10:22 of 3rd period - Snap shot by Jake Gardiner.
10:22 of 3rd period - Goal by Jake Gardiner - Sasquatch : 5 - Punishers : 1.
10:23 of 3rd period - Derek Stepan wins face-off versus Éric Perrin in neutral zone.
11:13 of 3rd period - Slapshot by Jake Gardiner.
11:13 of 3rd period - Goal by Jake Gardiner - Sasquatch : 6 - Punishers : 1.
11:14 of 3rd period - Éric Perrin wins face-off versus Derek Stepan in neutral zone.
11:16 of 3rd period - Off-side.
11:17 of 3rd period - Éric Perrin wins face-off versus Derek Stepan in neutral zone.
11:20 of 3rd period - Slapshot by Brad Isbister.
11:20 of 3rd period - Stopped by Jonas Gustavsson without a rebound.
11:21 of 3rd period - Éric Perrin wins face-off versus Derek Stepan in Sasquatch zone.
11:50 of 3rd period - Wrist shot by Erik Condra.
11:50 of 3rd period - Shot Misses the Net.
11:58 of 3rd period - Snap shot by Erik Condra.
11:58 of 3rd period - Stopped by Jonas Gustavsson with a rebound.
12:54 of 3rd period - Snap shot by Kris Chucko.
12:54 of 3rd period - Shot Misses the Net.
13:02 of 3rd period - Slapshot by Matt Niskanen.
13:02 of 3rd period - Stopped by Robin Lehner without a rebound.
13:03 of 3rd period - Tyler Johnson wins face-off versus Mike Grier in Punishers zone.
13:57 of 3rd period - Luke Adam is hit by Adam Pineault and loses puck.
14:14 of 3rd period - Snap shot by Tom Gilbert.
14:14 of 3rd period - Shot Hit the Post.
14:16 of 3rd period - Snap shot by Adam Pineault.
14:16 of 3rd period - Goal by Adam Pineault - Sasquatch : 6 - Punishers : 2.
14:17 of 3rd period - Derek Stepan wins face-off versus Éric Perrin in neutral zone.
14:49 of 3rd period - Wrist shot by Casey Cizikas.
14:49 of 3rd period - Shot Misses the Net.
14:51 of 3rd period - Wrist shot by Erik Condra.
14:51 of 3rd period - Stopped by Jonas Gustavsson with a rebound.
15:10 of 3rd period - Minor Penalty to Mike Blunden for Hooking.
15:11 of 3rd period - D.J King wins face-off versus Éric Perrin in Punishers zone.
15:29 of 3rd period - Tom Gilbert is hit by Jake Gardiner and loses puck.
15:47 of 3rd period - Slapshot by Keith Yandle.
15:47 of 3rd period - Stopped by Robin Lehner with a rebound.
15:49 of 3rd period - Wrist shot by Oskar Osala.
15:49 of 3rd period - Shot Blocked by Keaton Ellerby.
16:21 of 3rd period - Wrist shot by Nick Leddy.
16:21 of 3rd period - Deflect By Tyler Johnson.
16:21 of 3rd period - Shot Blocked by Mark Fraser.
16:21 of 3rd period - Puck is out of play.
16:22 of 3rd period - Tanner Glass wins face-off versus Tyler Johnson in Punishers zone.
16:31 of 3rd period - Wrist shot by Tyler Johnson.
16:31 of 3rd period - Shot Blocked by Mark Fraser.
16:33 of 3rd period - Snap shot by Oskar Osala.
16:33 of 3rd period - Stopped by Robin Lehner with a rebound.
17:10 of 3rd period - Penalty to Mike Blunden is over, Mike Blunden is back on ice.
17:25 of 3rd period - Slapshot by Adam McQuaid.
17:25 of 3rd period - Deflect By Adam Pineault.
17:25 of 3rd period - Shot Misses the Net.
17:25 of 3rd period - Puck is out of play.
17:26 of 3rd period - Adam Pineault wins face-off versus Stephane Da Costa in Sasquatch zone.
17:57 of 3rd period - Off-side.
17:58 of 3rd period - Éric Perrin wins face-off versus Derek Stepan in neutral zone.
18:23 of 3rd period - Tom Gilbert is hit by Oskar Osala and loses puck.
18:48 of 3rd period - Erik Condra is hit by Matt Beleskey and loses puck.
19:03 of 3rd period - Matt Donovan is hit by Mike Grier and loses puck.
19:30 of 3rd period - Adam Pineault is hit by Jakub Voracek and loses puck.
19:58 of 3rd period - Jake Gardiner is hit by Erik Condra.
19:59 of 3rd period - Icing by Jake Gardiner.
Goals for this period are 3 for Sasquatch vs 2 for Punishers.
Shots for this period are 10 for Sasquatch vs 8 for Punishers.
Output by the SimonT Hockey Simulator (STHS) for Pascal Landry -- Original Page W3C XHTML 1.0 Valid